[Event "FIDE Open Sachove Univerzity QCC"]
[Site "Ceske Budejovice"]
[Date "2020.07.02"]
[Round "2.6"]
[White "Straka, Zdenek"]
[Black "Kaucky, Jaroslav"]
[Result "1-0"]
[ECO "D02"]
[WhiteElo "1812"]
[BlackElo "1573"]
[Annotator "NA"]
[PlyCount "81"]
[EventDate "2020.07.01"]
[EventType "swiss"]
[EventCountry "CZE"]
[SourceTitle "playchess.com"]
[Source "ChessBase"]
[SourceQuality "1"]
[TimeControl "40/5400+30:1800+30"]

1. d4 Nf6 2. Bf4 d5 3. e3 e6 4. Nf3 c5 5. c3 c4 6. Nbd2 {[%emt 0:03:25] D02: 1 d4 d5 2 Nf3 sidelines, including 2...Nf6 3 g3 and 2...Nf6 3 Bf4.} Bd6 7. Ne5 O-O 8. Be2 b5 {[%emt 0:11:39] [#]} 9. Qc2 $146 ({Predecessor:} 9. O-O Qc7 10. b3 Nfd7 11. Ndf3 f6 12. Nxd7 Nxd7 13. Bg3 f5 14. bxc4 bxc4 15. Qc2 {½-½ (51) Rapaport,A (1287)-Rodriguez Gomez,J (1585) Colmenarejo 2018}) 9... Qc7 10. Ndf3 ({White should play} 10. a4 $11) 10... Ne4 11. Nd2 f6 12. Nxe4 dxe4 13. Qxe4 Bb7 14. Nc6 Bxf4 15. Qxe6+ Kh8 16. Nxb8 Bh6 $2 ({Worse is} 16... Qxb8 17. exf4 Bxg2 18. Rg1 $11) ({Black should try} 16... Raxb8 $19 17. exf4 Rbe8) 17. Nd7 ({Only move:} 17. Na6 $16 Qd8 18. Nc5 Bxg2 19. Rg1) 17... Bc8 (17... Rfd8 $11 {remains equal.}) 18. Nxf8 Bxe6 19. Nxe6 Qc6 20. Bf3 Qxe6 21. Bxa8 Bxe3 22. O-O Bf4 23. Rfe1 Qc8 24. Bf3 h6 25. Re7 Bd6 26. Rxa7 Bxh2+ 27. Kh1 Bb8 28. Rb7 Qe8 $18 29. Kg1 Kh7 30. Kf1 Bf4 31. Re1 Qg6 32. Rxb5 f5 33. Rxf5 Qd6 34. Rc5 g6 35. Rc6 Qd8 36. g3 Bg5 37. Ree6 Kg7 38. Rxg6+ Kf7 39. Rgd6 Qb8 40. Rb6 Qa7 41. Rb7+ 1-0

[Event "FIDE Open Sachove Univerzity QCC"]
[Site "Ceske Budejovice"]
[Date "2020.07.02"]
[Round "2.7"]
[White "Martirosyan, David"]
[Black "Pokora, Lubomir"]
[Result "1/2-1/2"]
[ECO "C41"]
[WhiteElo "1560"]
[BlackElo "1800"]
[Annotator "NA"]
[PlyCount "50"]
[EventDate "2020.07.01"]
[EventType "swiss"]
[EventCountry "CZE"]
[SourceTitle "playchess.com"]
[Source "ChessBase"]
[SourceQuality "1"]
[TimeControl "40/5400+30:1800+30"]

1. e4 d6 2. d4 Nf6 3. Nc3 Nbd7 4. Nf3 e5 5. dxe5 dxe5 6. Bc4 Be7 7. O-O O-O 8. a3 c6 9. b4 Qc7 10. Bb2 Nb6 11. Bb3 Bg4 12. h3 Rad8 13. Qe2 Bh5 14. Rad1 Nfd7 15. a4 Bxb4 16. Na2 Be7 17. Nc1 Nc5 18. g4 Nxb3 19. Nxb3 Bg6 20. Bxe5 Qc8 21. a5 Nd7 22. Bg3 Rfe8 23. e5 Nf8 24. Nh4 h6 25. f4 Rxd1 1/2-1/2

[Event "FIDE Open Sachove Univerzity QCC"]
[Site "Ceske Budejovice"]
[Date "2020.07.02"]
[Round "2.8"]
[White "Valtr, Filip"]
[Black "Chmelik, Benedikt"]
[Result "1-0"]
[ECO "B56"]
[WhiteElo "1784"]
[BlackElo "1571"]
[Annotator "NA RC"]
[PlyCount "139"]
[EventDate "2020.07.01"]
[EventType "swiss"]
[EventCountry "CZE"]
[SourceTitle "playchess.com"]
[Source "ChessBase"]
[SourceQuality "1"]
[TimeControl "40/5400+30:1800+30"]

1. e4 c5 2. Nf3 d6 3. d4 cxd4 4. Nxd4 Nf6 5. Nc3 g6 6. Bd3 Nc6 7. Nxc6 bxc6 8. O-O Bg7 9. h3 O-O 10. Qe2 Qc7 11. Bc4 Bb7 12. Bg5 d5 13. exd5 cxd5 14. Bb3 e6 15. Ba4 Rac8 16. Rfe1 Bc6 17. Bb3 Qb7 18. g3 a6 19. Kh2 Bb5 20. Nxb5 Qxb5 21. c3 Ne4 22. Be3 Nc5 23. Qxb5 axb5 24. Bc2 Na4 25. Rab1 Rc6 26. Bd3 Rb8 27. Bf4 Rb7 28. Kg2 Nc5 29. Be2 Na4 30. Bd2 d4 31. Bf3 Rbc7 32. Bxc6 Rxc6 33. cxd4 Bxd4 34. b3 Nc3 35. Bxc3 Bxc3 36. Red1 Ra6 37. Rbc1 b4 38. Rc2 Kg7 39. Rd7 h6 40. f4 Kf6 41. Kf3 Ra5 42. Ke4 Kg7 43. Kd3 Kf8 44. Kc4 Be1 45. Rg2 Rh5 46. h4 g5 47. hxg5 hxg5 48. g4 Rh6 49. fxg5 Rg6 50. Rc7 Rxg5 51. Kd3 Rd5+ 52. Ke4 Rg5 53. Kf3 Bc3 54. Rg1 Rd5 55. Rf1 Ra5 56. Rf2 Rd5 57. Kg2 f6 58. a4 Rg5 59. Kh3 Rd5 60. Rb7 Rd3+ 61. Kg2 Rd5 62. Ra2 Ra5 63. Kf3 Ke8 64. Rh2 f5 65. g5 f4 66. g6 Rg5 67. Rg2 Rxg2 68. Kxg2 Kf8 69. a5 e5 70. Kf3 1-0

[Event "FIDE Open Sachove Univerzity QCC"]
[Site "Ceske Budejovice"]
[Date "2020.07.02"]
[Round "2.10"]
[White "Berka, Lubos"]
[Black "Trcka, Bohdan"]
[Result "1-0"]
[ECO "C41"]
[WhiteElo "1718"]
[BlackElo "1528"]
[Annotator "NA"]
[PlyCount "69"]
[EventDate "2020.07.01"]
[EventType "swiss"]
[EventCountry "CZE"]
[SourceTitle "playchess.com"]
[Source "ChessBase"]
[SourceQuality "1"]
[TimeControl "40/5400+30:1800+30"]

1. e4 e5 2. Nf3 d6 3. d4 exd4 4. Nxd4 c5 5. Bb5+ Bd7 6. Bxd7+ Nxd7 7. Nf5 Ndf6 8. O-O g6 9. Ng3 Bh6 10. Nc3 Bxc1 11. Rxc1 Qd7 12. Qe2 O-O-O 13. Rfd1 Qg4 14. Qxg4+ Nxg4 15. Nb5 Kb8 16. Rxd6 Rxd6 17. Nxd6 N8h6 18. h3 Ne5 19. f4 Nc6 20. e5 Nd4 21. c3 Ne6 22. Rf1 Rf8 23. Nge4 b6 24. Nf6 Rh8 25. g3 g5 26. f5 Nd8 27. g4 Nc6 28. Re1 Nd8 29. e6 fxe6 30. fxe6 Ng8 31. Nxg8 Nxe6 32. Rxe6 Rxg8 33. Re8+ Rxe8 34. Nxe8 h6 35. Nd6 1-0

[Event "FIDE Open Sachove Univerzity QCC"]
[Site "Ceske Budejovice"]
[Date "2020.07.02"]
[Round "2.11"]
[White "Strapec, Lukas"]
[Black "Molnar, Ladislav"]
[Result "1/2-1/2"]
[ECO "A06"]
[WhiteElo "1525"]
[BlackElo "1712"]
[Annotator "NA"]
[PlyCount "94"]
[EventDate "2020.07.01"]
[EventType "swiss"]
[EventCountry "CZE"]
[SourceTitle "playchess.com"]
[Source "ChessBase"]
[SourceQuality "1"]
[TimeControl "40/5400+30:1800+30"]

1. b3 d5 2. Bb2 Nc6 3. e3 Nf6 4. Nf3 Bg4 5. Be2 e6 6. O-O Bd6 7. c4 O-O 8. Nc3 Ne7 9. d4 dxc4 10. bxc4 c5 11. d5 e5 12. e4 Ng6 13. h3 Bd7 14. Rb1 b6 15. Bc1 h6 16. Nh2 Qc8 17. Nf3 Nh5 18. Nb5 Bxb5 19. cxb5 Nhf4 20. Bxf4 Nxf4 21. Nd2 Qd8 22. Kh2 Qg5 23. g3 Ng6 24. Nc4 Rad8 25. Qa4 Bb8 26. Qc2 Nh8 27. Qd2 Qe7 28. Bg4 Bd6 29. Qe3 g5 30. Qc3 Qc7 31. Ne3 Ng6 32. Nf5 Kh7 33. Kg2 Ne7 34. Ne3 Ng8 35. Nc4 Nf6 36. Bf5+ Kg7 37. a4 Rh8 38. a5 Ra8 39. axb6 axb6 40. Ra1 Rxa1 41. Rxa1 Rb8 42. Ra6 Ng8 43. f4 f6 44. Qa1 Rb7 45. fxe5 Bxe5 46. Qd1 Bd6 47. g4 Ne7 1/2-1/2

[Event "FIDE Open Sachove Univerzity QCC"]
[Site "Ceske Budejovice"]
[Date "2020.07.02"]
[Round "2.11"]
[White "Klimes, Roman"]
[Black "Pesek, Petr"]
[Result "1-0"]
[ECO "C50"]
[WhiteElo "1349"]
[BlackElo "1927"]
[Annotator "ChessBase"]
[PlyCount "57"]
[EventDate "2020.07.01"]
[EventType "swiss"]
[EventCountry "CZE"]
[SourceTitle "playchess.com"]
[Source "ChessBase"]
[SourceQuality "1"]
[TimeControl "40/5400+30:1800+30"]

1. e4 e5 2. Nf3 Nc6 3. Bc4 Bc5 4. O-O Nf6 5. Nc3 d6 6. d3 Bg4 7. h3 Bxf3 8. Qxf3 Nd4 9. Qd1 O-O 10. Ne2 Nxe2+ 11. Qxe2 c6 12. a4 d5 13. exd5 cxd5 14. Ba2 d4 15. Qxe5 Qe7 16. Re1 Bd6 17. Qxe7 Bxe7 18. Rxe7 Rae8 19. Rxe8 Rxe8 20. Bg5 Nd5 21. Bxd5 Re5 22. Bxb7 Rxg5 23. Re1 h6 24. b4 a5 25. b5 Rg6 26. Re8+ Kh7 27. Be4 f5 28. Bxf5 h5 29. h4 1-0

[Event "FIDE Open Sachove Univerzity QCC"]
[Site "Ceske Budejovice"]
[Date "2020.07.02"]
[Round "2.12"]
[White "Rychlik, Zdenek"]
[Black "Kotleska, Roman"]
[Result "1-0"]
[ECO "B22"]
[WhiteElo "1701"]
[BlackElo "1521"]
[Annotator "NA"]
[PlyCount "45"]
[EventDate "2020.07.01"]
[EventType "swiss"]
[EventCountry "CZE"]
[SourceTitle "playchess.com"]
[Source "ChessBase"]
[SourceQuality "1"]
[TimeControl "40/5400+30:1800+30"]

1. e4 c5 2. c3 d5 3. exd5 Qxd5 4. d4 Nf6 5. Nf3 Bg4 6. Nbd2 cxd4 7. Bc4 Qh5 8. Qb3 b6 9. cxd4 Nc6 10. O-O Bd7 11. Be2 e6 12. Re1 Bb4 13. a3 Be7 14. Ne5 Nxd4 15. Bxh5 Nxb3 16. Bxf7+ Kf8 17. Nxb3 Bc8 18. Nd4 Bd6 19. Bxe6 Bxe5 20. Rxe5 Bxe6 21. Nxe6+ Kf7 22. Ng5+ Kg6 23. Nf3 1-0

[Event "FIDE Open Sachove Univerzity QCC"]
[Site "Ceske Budejovice"]
[Date "2020.07.02"]
[Round "2.13"]
[White "Dusanek, Michal"]
[Black "Valasek, Jakub"]
[Result "1-0"]
[ECO "C55"]
[WhiteElo "1500"]
[BlackElo "1688"]
[Annotator "NA"]
[PlyCount "83"]
[EventDate "2020.07.01"]
[EventType "swiss"]
[EventCountry "CZE"]
[SourceTitle "playchess.com"]
[Source "ChessBase"]
[SourceQuality "1"]
[TimeControl "40/5400+30:1800+30"]

1. e4 e5 2. Nf3 Nc6 3. Bc4 Nf6 4. d3 Be7 5. Nc3 d6 6. Be3 Na5 7. Bb3 Nxb3 8. axb3 c5 9. Qd2 O-O 10. h3 Ne8 11. g4 g6 12. O-O-O Rb8 13. Rdg1 b5 14. h4 b4 15. Na4 Bd7 16. h5 Bxa4 17. bxa4 b3 18. Bh6 bxc2 19. hxg6 fxg6 20. Bxf8 Bxf8 21. Ng5 Nf6 22. Ne6 Qe7 23. Nxf8 Qxf8 24. Qxc2 Qf7 25. f3 Rb4 26. Kd2 c4 27. Rc1 Rb3 28. Qxc4 Qxc4 29. Rxc4 Rxb2+ 30. Ke3 Rb7 31. Rhc1 Ne8 32. d4 exd4+ 33. Kxd4 Kf7 34. Kd5 Re7 35. f4 Nf6+ 36. Kxd6 Nxe4+ 37. Kc6 Nf6 38. g5 Ne8 39. Rd1 Rc7+ 40. Kb5 Rb7+ 41. Ka6 Re7 42. Rcd4 1-0

[Event "FIDE Open Sachove Univerzity QCC"]
[Site "Ceske Budejovice"]
[Date "2020.07.02"]
[Round "2.14"]
[White "Macho, Miloslav"]
[Black "Kral, Ladislav"]
[Result "1-0"]
[ECO "D02"]
[WhiteElo "1671"]
[BlackElo "1493"]
[Annotator "NA"]
[PlyCount "71"]
[EventDate "2020.07.01"]
[EventType "swiss"]
[EventCountry "CZE"]
[SourceTitle "playchess.com"]
[Source "ChessBase"]
[SourceQuality "1"]
[TimeControl "40/5400+30:1800+30"]

1. g3 Nf6 2. Bg2 d5 3. d4 e6 4. Nf3 Bd6 5. O-O O-O 6. Nbd2 c5 7. c3 Nc6 8. Nb3 c4 9. Nbd2 b5 10. Re1 Bb7 11. e4 dxe4 12. Ng5 Ne7 13. Ndxe4 Nxe4 14. Nxe4 Bxe4 15. Rxe4 Ng6 16. h4 Ne7 17. Bg5 Qc7 18. h5 Nd5 19. Qd2 Be7 20. Rg4 Rad8 21. Re1 Nf6 22. Bxf6 Bxf6 23. Qh6 Kh8 24. Qe3 Qe7 25. f4 Qc7 26. Be4 Bxd4 27. cxd4 f5 28. Bxf5 exf5 29. Rg5 Qd7 30. h6 g6 31. Rd1 Rfe8 32. Qf3 Re4 33. d5 Rde8 34. Qc3+ Kg8 35. Kh2 Qd6 36. Qg7# 1-0

[Event "FIDE Open Sachove Univerzity QCC"]
[Site "Ceske Budejovice"]
[Date "2020.07.02"]
[Round "2.16"]
[White "Matlocha, Lubomir"]
[Black "Kamleiter, Noah"]
[Result "1-0"]
[ECO "E21"]
[WhiteElo "1646"]
[BlackElo "1463"]
[Annotator "NA"]
[PlyCount "51"]
[EventDate "2020.07.01"]
[EventType "swiss"]
[EventCountry "CZE"]
[SourceTitle "playchess.com"]
[Source "ChessBase"]
[SourceQuality "1"]
[TimeControl "40/5400+30:1800+30"]

1. d4 Nf6 2. c4 e6 3. Nc3 Bb4 4. Bd2 O-O 5. Nf3 b6 6. e3 Bb7 7. Be2 d6 8. O-O Nbd7 9. a3 Bxc3 10. Bxc3 Ne4 11. Qc2 Rc8 12. b4 f5 13. Rad1 Qf6 14. Bb2 Qg6 15. Ne1 Rf6 16. d5 e5 17. f4 c6 18. Nf3 Qe8 19. fxe5 dxe5 20. Qb3 cxd5 21. cxd5 Rd6 22. Bb5 Nef6 23. Nxe5 Bxd5 24. Rxd5 Nxd5 25. Rd1 Rc3 26. Bxc3 1-0

[Event "FIDE Open Sachove Univerzity QCC"]
[Site "Ceske Budejovice"]
[Date "2020.07.02"]
[Round "2.17"]
[White "Vojtek, Pavel"]
[Black "Veverka, Vladimir"]
[Result "0-1"]
[ECO "B22"]
[WhiteElo "1292"]
[BlackElo "1644"]
[Annotator "NA"]
[PlyCount "44"]
[EventDate "2020.07.01"]
[EventType "swiss"]
[EventCountry "CZE"]
[SourceTitle "playchess.com"]
[Source "ChessBase"]
[SourceQuality "1"]
[TimeControl "40/5400+30:1800+30"]

1. e4 e6 2. d4 d5 3. exd5 exd5 4. Bd3 c5 5. Nf3 Nc6 6. c3 Nf6 7. O-O Bg4 8. Re1+ Be7 9. dxc5 O-O 10. Be3 Nd7 11. b4 a5 12. a3 axb4 13. Bb5 Nxc5 14. Bxc6 bxc6 15. cxb4 Bxf3 16. gxf3 Ne6 17. Nd2 d4 18. Bxd4 Qxd4 19. Qc2 Bxb4 20. Nb3 Qc3 21. Rec1 Qxc2 22. Rxc2 Rxa3 0-1

[Event "FIDE Open Sachove Univerzity QCC"]
[Site "Ceske Budejovice"]
[Date "2020.07.02"]
[Round "2.18"]
[White "Zelbova, Lada"]
[Black "Stary, Vojtech"]
[Result "1-0"]
[ECO "D02"]
[WhiteElo "1637"]
[BlackElo "1422"]
[Annotator "NA RC"]
[PlyCount "109"]
[EventDate "2020.07.01"]
[EventType "swiss"]
[EventCountry "CZE"]
[SourceTitle "playchess.com"]
[Source "ChessBase"]
[SourceQuality "1"]
[TimeControl "40/5400+30:1800+30"]

1. d4 d5 2. Bf4 Nf6 3. e3 e6 4. Nf3 Bd6 5. Nbd2 Bxf4 6. exf4 O-O 7. Bd3 Nbd7 8. O-O b6 9. Ne5 Bb7 10. Qe2 c5 11. c3 Qc7 12. Rae1 Rac8 13. g4 cxd4 14. cxd4 Qd6 15. a3 Rc7 16. g5 Ne8 17. Qh5 g6 18. Qh6 Ng7 19. Re3 Rfc8 20. Rh3 Nf8 21. Ng4 f5 22. gxf6 Nf5 23. f7+ Rxf7 24. Qg5 Kh8 25. Nf3 Qe7 26. Nge5 Rg7 27. Qg2 Nd7 28. Kh1 Nf8 29. Rg1 Kg8 30. Qf1 Nd7 31. Nxd7 Qxd7 32. Qe1 Qd6 33. Qe5 Qxe5 34. fxe5 Rcc7 35. Rd1 Rc8 36. Kg1 Rgc7 37. Kf1 Re7 38. Ke2 Kg7 39. Kd2 h6 40. Bxf5 gxf5 41. Rg1+ Kf8 42. Rxh6 Rec7 43. Rf6+ Ke7 44. Rg7+ Ke8 45. Rxe6+ Kf8 46. Rxc7 Rxc7 47. Ng5 Rg7 48. f4 Rc7 49. b3 b5 50. h4 a5 51. Rb6 Bc8 52. Rxb5 Rc6 53. Rxa5 Rh6 54. Ra8 Rc6 55. h5 1-0

[Event "FIDE Open Sachove Univerzity QCC"]
[Site "Ceske Budejovice"]
[Date "2020.07.02"]
[Round "2.19"]
[White "Jodas, Daniel"]
[Black "Dobsinsky, Petr"]
[Result "1/2-1/2"]
[ECO "B12"]
[WhiteElo "1608"]
[BlackElo "1248"]
[Annotator "NA"]
[PlyCount "64"]
[EventDate "2020.07.01"]
[EventType "swiss"]
[EventCountry "CZE"]
[SourceTitle "playchess.com"]
[Source "ChessBase"]
[SourceQuality "1"]
[TimeControl "40/5400+30:1800+30"]

1. e4 c6 2. d4 d5 3. e5 Bf5 4. Nf3 e6 5. Bd3 Bxd3 6. Qxd3 Nd7 7. O-O h6 8. Nbd2 Ne7 9. c4 c5 10. cxd5 Nxd5 11. Ne4 Qc7 12. dxc5 Nxc5 13. Nxc5 Bxc5 14. Qb5+ Ke7 15. Bd2 Qb6 16. Qa4 Bb4 17. Rac1 Bxd2 18. Nxd2 Rhc8 19. Qh4+ Kf8 20. Nb3 Qd8 21. Qe4 Kg8 22. f4 Rxc1 23. Rxc1 Rc8 24. Rxc8 Qxc8 25. f5 b6 26. Kf2 Ne7 27. fxe6 Qxe6 28. Qa8+ Kh7 29. Qxa7 Qf5+ 30. Ke2 Qxe5+ 31. Kd3 Qb5+ 32. Kc2 Qf5+ 1/2-1/2

[Event "FIDE Open Sachove Univerzity QCC"]
[Site "Ceske Budejovice"]
[Date "2020.07.02"]
[Round "2.20"]
[White "Krautschneider, Daniel Jan"]
[Black "Svetly, Jiri"]
[Result "0-1"]
[ECO "B70"]
[WhiteElo "1374"]
[BlackElo "1835"]
[Annotator "NA"]
[PlyCount "78"]
[EventDate "2020.07.01"]
[EventType "swiss"]
[EventCountry "CZE"]
[SourceTitle "playchess.com"]
[Source "ChessBase"]
[SourceQuality "1"]
[TimeControl "40/5400+30:1800+30"]

1. e4 d6 2. d4 Nf6 3. Nc3 g6 4. g3 Bg7 5. Bg2 O-O 6. Nge2 c5 7. O-O cxd4 8. Nxd4 Nc6 9. Nxc6 bxc6 10. h3 {[%emt 0:00:29] [#] B70: Sicilian Dragon: 6 g3 and 6 Be2 (without a later Be3).} Qb6 $146 ({Predecessor:} 10... Bb7 11. Kh2 c5 12. f4 Qc7 13. Qe2 e6 14. Bd2 d5 15. e5 Nd7 16. Nb5 Qb6 17. c4 Bc6 {0-1 (46) Jakubowska,A (2073)-Gaponenko,I (2396) chess.com INT 2020}) 11. Kh2 Ba6 12. Re1 Nh5 13. Qf3 Rad8 14. Kh1 Bb7 15. g4 Nf6 16. b3 Nd7 17. Bd2 e6 18. Rad1 d5 19. Qg3 Nc5 20. e5 d4 21. Ne4 Nxe4 22. Bxe4 c5 23. Qg2 Ba6 24. f4 f6 25. f5 g5 26. exf6 $16 Bxf6 27. fxe6 Kg7 28. Kg1 c4 29. Kh1 Rfe8 30. Bc6 Re7 31. h4 h6 32. h5 Rd6 33. Bf3 c3 34. Bc1 Rdxe6 35. Rxe6 Qxe6 36. Ba3 Qe1+ 37. Rxe1 Rxe1+ 38. Kh2 Be5+ 39. Kh3 Bf1 0-1

[Event "FIDE Open Sachove Univerzity QCC"]
[Site "Ceske Budejovice"]
[Date "2020.07.02"]
[Round "2.21"]
[White "Sobotka, Radim"]
[Black "Barta, David"]
[Result "1/2-1/2"]
[ECO "C34"]
[WhiteElo "1764"]
[BlackElo "1541"]
[Annotator "NA"]
[PlyCount "100"]
[EventDate "2020.07.01"]
[EventType "swiss"]
[EventCountry "CZE"]
[SourceTitle "playchess.com"]
[Source "ChessBase"]
[SourceQuality "1"]
[TimeControl "40/5400+30:1800+30"]

1. e4 e5 2. f4 Nc6 3. Nf3 exf4 4. Bc4 d6 5. d4 g5 6. h4 f6 7. Nc3 Bg4 8. d5 Ne5 9. Bb5+ Bd7 10. Nxe5 fxe5 11. Qh5+ Ke7 12. hxg5 Qe8 13. Be2 Qxh5 14. Bxh5 h6 15. Bg6 Bg7 16. gxh6 Rxh6 17. Rxh6 Bxh6 18. Bh5 Nf6 19. Bf3 Bg5 20. Bd2 Bh4+ 21. Ke2 Kf7 22. Be1 Rh8 23. Kd3 Kg6 24. Bxh4 Rxh4 25. Rg1 Nh5 26. Ne2 Ng3 27. c4 Nxe2 28. Kxe2 Bg4 29. Kd3 Kh5 30. Ke2 Rh2 31. Kf2 Bxf3 32. Kxf3 Kg5 33. b4 Rh8 34. a4 Rh4 35. g3 Rh3 36. Rg2 Kh5 37. Rg1 Rxg3+ 38. Rxg3 fxg3 39. Kxg3 a5 40. bxa5 Kg5 41. a6 bxa6 42. a5 Kf6 43. Kh4 Ke7 44. Kg5 Kd7 45. Kf6 Kd8 46. Kf5 Ke7 47. Kg5 Kf7 48. Kf5 Ke7 49. Kg6 Ke8 50. Kf6 Kf8 1/2-1/2

[Event "FIDE Open Sachove Univerzity QCC"]
[Site "Ceske Budejovice"]
[Date "2020.07.02"]
[Round "2.22"]
[White "Predota, Vit"]
[Black "Huemer, Gerald"]
[Result "0-1"]
[ECO "B51"]
[WhiteElo "1233"]
[BlackElo "1721"]
[Annotator "NA"]
[PlyCount "49"]
[EventDate "2020.07.01"]
[EventType "swiss"]
[EventCountry "CZE"]
[SourceTitle "playchess.com"]
[Source "ChessBase"]
[SourceQuality "1"]
[TimeControl "40/5400+30:1800+30"]

1. e4 c5 2. Nf3 d6 3. Bb5+ Nd7 4. d4 cxd4 5. Bxd7+ Bxd7 6. Qxd4 Qc7 7. Nc3 e5 8. Qd5 Nf6 9. Qb3 Bc6 10. Qc4 Rc8 11. Nd5 Bxd5 12. exd5 Qxc4 13. c3 Nxd5 14. Bd2 Be7 15. b3 Qe4+ 16. Kf1 O-O 17. c4 Nf4 18. Re1 Qd3+ 19. Kg1 Ne2+ 20. Kf1 Ng3+ 21. Kg1 Nxh1 22. Kxh1 e4 23. Re3 Qxe3 24. Bxe3 exf3 25. gxf3 0-1

[Event "FIDE Open Sachove Univerzity QCC"]
[Site "Ceske Budejovice"]
[Date "2020.07.02"]
[Round "2.23"]
[White "Karweit, Alex W"]
[Black "Cipera, Josef"]
[Result "1-0"]
[ECO "B90"]
[WhiteElo "1579"]
[BlackElo "1612"]
[Annotator "NA"]
[PlyCount "59"]
[EventDate "2020.07.01"]
[EventType "swiss"]
[EventCountry "CZE"]
[SourceTitle "playchess.com"]
[Source "ChessBase"]
[SourceQuality "1"]
[TimeControl "40/5400+30:1800+30"]

1. e4 c5 2. Nf3 a6 3. d4 cxd4 4. Nxd4 d6 5. Nc3 e5 6. Nb3 Be6 7. Be3 Nf6 8. Bd3 Be7 9. h3 b5 10. a4 b4 11. Ne2 Nc6 12. O-O O-O 13. f4 exf4 14. Nxf4 Qd7 15. Nd4 Ne5 16. Nfxe6 fxe6 17. Rc1 Nc6 18. c3 Nxd4 19. cxd4 Qb7 20. e5 Nd5 21. Bd2 Rxf1+ 22. Qxf1 Rf8 23. Qe2 Nf4 24. Bxf4 Rxf4 25. exd6 Bf8 26. Qxe6+ Qf7 27. Bc4 Qxe6 28. Bxe6+ Kh8 29. d7 Be7 30. Rc8+ 1-0

[Event "FIDE Open Sachove Univerzity QCC"]
[Site "Ceske Budejovice"]
[Date "2020.07.02"]
[Round "2.24"]
[White "Bastyr, Pavel"]
[Black "Janouskova, Adela"]
[Result "0-1"]
[ECO "D53"]
[WhiteElo "1439"]
[BlackElo "1377"]
[Annotator "NA"]
[PlyCount "26"]
[EventDate "2020.07.01"]
[EventType "swiss"]
[EventCountry "CZE"]
[SourceTitle "playchess.com"]
[Source "ChessBase"]
[SourceQuality "1"]
[TimeControl "40/5400+30:1800+30"]

1. d4 d5 2. c4 e6 3. Nc3 Nf6 4. Bg5 Be7 5. e3 O-O 6. Nf3 c5 7. Bd3 Nc6 8. dxc5 dxc4 9. Bxc4 Qa5 10. O-O Qxc5 11. Bxf6 Bxf6 12. Qb3 Na5 13. Ne4 Nxb3 0-1

[Event "FIDE Open Sachove Univerzity QCC"]
[Site "Ceske Budejovice"]
[Date "2020.07.02"]
[Round "2.25"]
[White "Zachar, Jaroslav"]
[Black "Jilek, Pavel"]
[Result "1-0"]
[ECO "D35"]
[WhiteElo "1831"]
[BlackElo "1234"]
[Annotator "NA"]
[PlyCount "79"]
[EventDate "2020.07.01"]
[EventType "swiss"]
[EventCountry "CZE"]
[SourceTitle "playchess.com"]
[Source "ChessBase"]
[SourceQuality "1"]
[TimeControl "40/5400+30:1800+30"]

1. d4 d5 2. e3 Nf6 3. c4 b6 4. Nc3 e6 5. f4 {[%emt 0:05:20] [#]} Bd7 $146 (5... Bd6 $11) ({Predecessor:} 5... Bb4 6. Bd2 Bxc3 7. Bxc3 Ne4 8. Nf3 O-O 9. cxd5 exd5 10. Bd3 Nd7 11. O-O Ndf6 12. Be1 Qd6 {0-1 (32) Rey,T-Krebel,A (1765) Goch 2014}) 6. Nf3 {[%emt 0:00:16] D35: Queen's Gambit Declined: Exchange Variation.} Bd6 7. Ne5 Qe7 8. Bd3 Nc6 (8... O-O $14) 9. O-O Nb4 10. Bb1 c5 11. a3 Nc6 12. Bd2 cxd4 13. Nxc6 Bxc6 14. exd4 dxc4 15. a4 a6 16. Qe2 Qb7 17. f5 Bd7 18. Bg5 ({White should play} 18. fxe6 $18 fxe6 19. Be4 (19. Qxc4 O-O $14) 19... Nxe4 20. Nxe4) 18... Qc7 $2 (18... O-O-O $16) 19. g3 $2 (19. fxe6 $18 Bxe6 20. Bxf6 gxf6 21. Nd5) 19... Qc6 $2 ({Black should try} 19... e5 $14) 20. Bxf6 gxf6 21. Be4 Qc8 22. Bxa8 Qxa8 23. fxe6 Bxe6 24. Ne4 Be7 25. Nxf6+ Kf8 26. Nh5 Qd5 27. Rad1 Rg8 28. Nf4 Bg4 29. Qxg4 Rxg4 30. Nxd5 Bd8 31. Rf4 Rg6 $18 32. Rdf1 Rg7 33. Ne3 b5 34. Nf5 Rg6 35. Kg2 bxa4 36. d5 c3 37. bxc3 Bf6 38. Nh4 Bxh4 39. Rxh4 Rg7 40. Rxa4 1-0

[Event "FIDE Open Sachove Univerzity QCC"]
[Site "Ceske Budejovice"]
[Date "2020.07.02"]
[Round "2.26"]
[White "Komarek, Tobias"]
[Black "Kanka, Lukas"]
[Result "0-1"]
[ECO "C50"]
[WhiteElo "1246"]
[BlackElo "1667"]
[Annotator "NA"]
[PlyCount "108"]
[EventDate "2020.07.01"]
[EventType "swiss"]
[EventCountry "CZE"]
[SourceTitle "playchess.com"]
[Source "ChessBase"]
[SourceQuality "1"]
[TimeControl "40/5400+30:1800+30"]

1. e4 e5 2. Nf3 Nc6 3. Bc4 Bc5 4. O-O Nf6 5. d3 h6 6. Nc3 d6 7. h3 Be6 8. Bb3 Qd7 9. Kh2 O-O-O 10. Be3 g5 11. Bxe6 Qxe6 12. Bxc5 dxc5 13. Qe2 g4 14. Nh4 Nd4 15. Qd1 Rdg8 16. f4 exf4 17. Rxf4 gxh3 18. gxh3 Qe5 19. Qf1 Nh5 20. Nd5 Nxf4 21. Qxf4 Qxf4+ 22. Nxf4 Nxc2 23. Rc1 Nb4 24. a3 Na6 25. Nf5 Re8 26. b4 cxb4 27. Nd6+ Kd7 28. Nxe8 Rxe8 29. axb4 c6 30. Rb1 Re5 31. Kg3 Rb5 32. Kg4 Nxb4 33. h4 a5 34. Ne2 h5+ 35. Kf3 Nxd3 36. Rxb5 cxb5 37. Nd4 b4 38. Ke3 Nc5 39. Kd2 Nxe4+ 40. Ke3 Nd6 41. Kf4 a4 42. Nc2 b3 43. Na3 b5 44. Kg5 b4 45. Nb1 a3 46. Nd2 b2 47. Kxh5 a2 48. Kg5 b1=Q 49. Nxb1 axb1=Q 50. h5 Qf5+ 51. Kh6 Qf6+ 52. Kh7 Ne8 53. h6 Qg6+ 54. Kh8 f5 0-1

[Event "FIDE Open Sachove Univerzity QCC"]
[Site "Ceske Budejovice"]
[Date "2020.07.02"]
[Round "2.27"]
[White "Berkovec, Jakub"]
[Black "Smola, David"]
[Result "0-1"]
[ECO "C45"]
[WhiteElo "1224"]
[BlackElo "1649"]
[Annotator "NA"]
[PlyCount "36"]
[EventDate "2020.07.01"]
[EventType "swiss"]
[EventCountry "CZE"]
[SourceTitle "playchess.com"]
[Source "ChessBase"]
[SourceQuality "1"]
[TimeControl "40/5400+30:1800+30"]

1. e4 e5 2. Nf3 Nc6 3. d4 exd4 4. Nxd4 Bc5 5. Nb3 Bb6 6. Nc3 Qf6 7. Qe2 Nge7 8. Be3 O-O 9. O-O-O d6 10. Bxb6 axb6 11. f3 Be6 12. Qf2 Nb4 13. a3 Bxb3 14. cxb3 Rxa3 15. Qd4 Ra1+ 16. Nb1 Qg5+ 17. Qd2 Qc5+ 18. Qc3 Na2+ 0-1